 Dungeon Crawl Stone Soup version 0.27-b1-41-gafb5482f4b (webtiles) character file.

Game seed: 7118037041599613822

54 ZARRMARR the Insei (level 3, -1/26 HPs)
             Began as a Merfolk Transmuter on July 28, 2021.
             Slain by a kobold (4 damage)
             ... on level 2 of the Dungeon.
             The game lasted 00:05:01 (1880 turns).

ZARRMARR the Insei (Merfolk Transmuter)             Turns: 1880, Time: 00:05:01

Health: -1/26      AC:  2    Str: 10    XL:     3   Next: 91%
Magic:  6/6        EV: 13    Int: 13    God:
Gold:   30         SH:  0    Dex: 14    Spells: 5/6 levels left

rFire    . . .     SeeInvis .     - Unarmed
rCold    . . .     Faith    .   (no shield)
rNeg     . . .     Spirit   .   a - +0 robe
rPois    .         Reflect  .   (helmet currently unavailable)
rElec    .         Harm     .   (no cloak)
rCorr    .         Rampage  .   (no gloves)
Will     .....                  (boots currently unavailable)
Stlth    +.........             (no amulet)
HPRegen  0.08/turn              (no ring)
MPRegen  0.10/turn              (no ring)

@: appendages (expiring)
A: horns 2, (nimble swimmer 2), mertail
a: End Transformation


You were on level 2 of the Dungeon.
You had temporarily grown beastly horns.
You visited 1 branch of the dungeon, and saw 2 of its levels.

You collected 30 gold pieces.

Inventory:

Missiles
 d - 48 stones
 e - 8 silver boomerangs (quivered)
Armour
 a - a +0 robe (worn)
Jewellery
 c - a ring of ice
Scrolls
 b - a scroll of amnesia {unknown}
Potions
 f - a potion of might {unknown}


   Skills:
 + Level 1.1 Fighting
 + Level 0.9 Throwing
 + Level 2.9 Dodging
 + Level 4.4 Unarmed Combat
 + Level 2.2 Spellcasting
 + Level 3.2 Transmutations


You had 5 spell levels left.
You knew the following spells:

 Your Spells              Type           Power      Damage    Failure   Level
a - Beastly Appendage     Tmut           18%        N/A       7%          1

Your spell library contained the following spells:

 Spells                   Type           Power      Damage    Failure   Level
 Wereblood                Tmut           9%         N/A       10%         2
 Spider Form              Tmut/Pois      2%         N/A       36%         3
 Ice Form                 Ice/Tmut       5%         N/A       77%         4


Dungeon Overview and Level Annotations

Branches:
Dungeon (2/15)

Altars:


Innate Abilities, Weirdness & Mutations

You have temporarily grown beastly horns.
((You are quick and stealthy near water. (Stealth+, EV+, Speed+++)))
Your lower body shifts to a powerful aquatic tail in water.


Message History

You feel sick. The adder barely misses you.
You hit the adder.
You kill the adder!
You feel sick.
You hit the hobgoblin.
The hobgoblin is severely wounded.
The hobgoblin hits you.
You barely miss the hobgoblin.
The hobgoblin is severely wounded.
You feel sick. The hobgoblin hits you.
* * * LOW HITPOINT WARNING * * *
You hit the hobgoblin but do no damage.
The hobgoblin is severely wounded.
Your transformation is almost over.
You feel sick. The hobgoblin barely misses you.
You hit the hobgoblin but do no damage.
The hobgoblin is severely wounded.
You feel sick.
A bat comes into view.
The hobgoblin barely misses you.
You hit the hobgoblin.
You kill the hobgoblin!
You feel sick.
You are no longer poisoned.
The bat misses you.
You hit the bat.
The bat is moderately wounded.
The bat barely misses you. The bat closely misses you.
You closely miss the bat.
The bat is moderately wounded.
The bat misses you.
You closely miss the ball python. You headbutt the ball python.
You kill the ball python!
The bat closely misses you.
You closely miss the bat. The bat misses you.
The bat hits you but does no damage.
You closely miss the bat. The bat barely misses you.
You closely miss the kobold.
The kobold hits you with a +0 short sword.
You die...

#.# #g #.#.K #.#. #.. ##
#.###.###.
#################........b
..........................
##.......#########b...##..
##.......+......@Kb[..#
##.......#########..†.#
.........# ######....#
##.......# #.........#
.'.......####.......###
##..................#
.......................
#########...........###
#####.......#


You could see 2 bats and a kobold.

Vanquished Creatures
  2 adders (D:2)
  3 dart slugs (D:1)
  2 ball pythons
  2 giant cockroaches
  A goblin (D:1)
  3 hobgoblins
  6 jackals
  3 quokkas
  A bat (D:2)
  A frilled lizard (D:1)
  2 kobolds (D:1)
  A rat (D:1)
27 creatures vanquished.

Notes
Turn   | Place    | Note
-------+----------+-------------------------------------------
     0 | D:1      | ZARRMARR the Merfolk Transmuter began the quest for the
                  | Orb.
     0 | D:1      | Reached XP level 1. HP: 15/15 MP: 3/3
   219 | D:1      | Reached XP level 2. HP: 13/21 MP: 1/5
   497 | D:1      | Found a faded altar of an unknown god.
   573 | D:1      | Reached skill level 4 in Unarmed Combat
  1390 | D:1      | Reached XP level 3. HP: 24/26 MP: 4/6
  1880 | D:2      | Slain by a kobold

Illustrated notes

Levels and vault maps discovered:
D:1:      dpeg_arrival_simpleton_b, layout_basic,
          shapermc_ecumenical_altar_mp_vishouse, minmay_door_square,
          chequers_decorated_corner
D:2:      layout_basic, minmay_indecisive_spiral

Skill      XL: |  1  2 |
---------------+-------+-----
Transmutations | 3 |  3.2
Unarmed Combat | 4 |  4.4
Fighting       | |  1.1
Throwing       | |  0.9
Dodging        | |  2.9
Spellcasting   | |  2.2

Action                   || total
-------------------------++-------
Melee: Unarmed           ||    89
       Headbutt          ||     7
       Punch             ||     1
Throw: Stone             ||     6
       Boomerang         ||    11
 Cast: Beastly Appendage ||    16
Armor: Robe              ||    10
Dodge: Dodged            ||    50
